 Dungeon Crawl Stone Soup version 0.19.5 (webtiles) character file.

102 tidbits the Skirmisher (level 4, 16/33 HPs)
             Began as a High Elf Wanderer on Oct 29, 2017.
             Quit the game on level 4 of the Dungeon.
             The game lasted 00:06:42 (810 turns).

tidbits the Skirmisher (High Elf Wanderer)           Turns: 810, Time: 00:06:42

Health: 16/33      AC:  5    Str: 12    XL:     4   Next: 50%
Magic:  3/5        EV: 11    Int: 17    God:
Gold:   85         SH:  0    Dex: 13    Spells: 0 memorised, 3 levels left

rFire  . . .     SeeInvis .     a - +2 mace
rCold  . . .     Gourm    .     B - +0 ring mail
rNeg   . . .     Faith    .     (no shield)
rPois  .         Spirit   +     (no helmet)
rElec  .         Reflect  .     (no cloak)
rCorr  .         Harm     .     (no gloves)
MR     .....                    (no boots)
Stlth  +.........               s - amulet of guardian spirit
                                (no ring)
                                (no ring)

@: lethally poisoned (16 -> -2)
A: no striking features
a: no special abilities


You were on level 4 of the Dungeon.
You were not hungry.

You visited 1 branch of the dungeon, and saw 4 of its levels.

You collected 85 gold pieces.

Inventory:

Hand Weapons
 a - a +2 mace (weapon)
 b - a +0 hunting sling
   (You took it off a goblin on level 2 of the Dungeon)
 d - a +0 dagger
 k - a +0 dagger
   (You took it off a goblin on level 2 of the Dungeon)
Missiles
 e - 14 sling bullets
 h - 23 arrows
 m - 22 stones (quivered)
 q - 5 javelins
Armour
 B - a +0 ring mail (worn)
Jewellery
 s - an amulet of guardian spirit (around neck)
   (You found it on level 3 of the Dungeon)
Scrolls
 f - a scroll of enchant armour {unknown}
 g - a scroll of remove curse {unknown}
 i - a scroll of identify {unknown}
 j - a scroll of magic mapping {unknown}
 p - a scroll of random uselessness {unknown}
 t - a scroll of amnesia {unknown}
Comestibles
 c - 2 bread rations
 o - a meat ration
 r - a slice of pizza


   Skills:
 + Level 4.3 Fighting
 - Level 1.5 Maces & Flails
 - Level 1.0 Throwing
 - Level 1.0 Armour
 + Level 3.1 Dodging
 - Level 2.1 Stealth
 - Level 1.0 Unarmed Combat


You had 3 spell levels left.
You didn't know any spells.

Dungeon Overview and Level Annotations

Branches:
Dungeon (4/15)             Temple (0/1) D:4

Altars:
Nemelex Xobeh
Xom


Message History

Aim: an orc, wielding a club and wearing a ring mail (moderately wounded)
You shoot a sling bullet.
The sling bullet closely misses the orc.
Firing (i - inventory. (,) - cycle):
e - 19 sling bullets (quivered)
Press: ? - help, Shift-Dir - straight line, f/p - orc
Aim: an orc, wielding a club and wearing a ring mail (moderately wounded)
You shoot a sling bullet.
The sling bullet closely misses the orc.
a - a +2 mace (weapon)
The orc hits you with a club.
You sock the orc!
You kill the orc!
Things that are here:
a club; a ring mail; an orc corpse
b - a +0 hunting sling (weapon)
You see here a sling bullet.
e - 19 sling bullets (gained 1)
You see here a sling bullet.
e - 20 sling bullets (gained 1)
The hound barks!
The hound pauses to sniff the ground.
Firing (i - inventory. (,) - cycle):
e - 20 sling bullets (quivered)
Press: ? - help, Shift-Dir - straight line, f - hound
Aim: a hound You shoot a sling bullet.
The sling bullet misses the hound.
The orc wizard shouts!
The orc wizard points at you and mumbles some strange words.
You feel yourself slow down.
It was a potion of curing.
You feel better. The hound bites you. The hound bites you but does no damage.
Firing (i - inventory. (,) - cycle):
e - 19 sling bullets (quivered)
Press: ? - help, Shift-Dir - straight line, f - orc wizard, p - hound
Aim: an orc wizard, wielding a dagger of venom and wearing a robe You shoot a sling bullet.
The sling bullet hits the hound!
The hound is heavily wounded.
The hound closely misses you. The hound bites you.
The orc wizard gestures wildly while chanting.
The orc wizard blinks!
The hound bites you but does no damage. The hound bites you but does no damage.
Things that are here:
a club; a ring mail; an orc corpse The hound bites you.
The hound misses you.
Firing (i - inventory. (,) - cycle):
e - 18 sling bullets (quivered)
Press: ? - help, Shift-Dir - straight line, f/p - orc wizard
Aim: an orc wizard, wielding a dagger of venom and wearing a robe You shoot a sling bullet.
The sling bullet hits the hound!
The hound is almost dead.
The hound barely misses you. The hound closely misses you.
The hound barely misses you.
Firing (i - inventory. (,) - cycle):
e - 17 sling bullets (quivered)
Press: ? - help, Shift-Dir - straight line, p - orc wizard You shoot a sling bullet.
The sling bullet hits the hound!
You kill the hound!
Your Dodging skill increases to level 3!
The orc wizard points at you and mumbles some strange words.
The magic dart hits you!
Firing (i - inventory. (,) - cycle):
e - 16 sling bullets (quivered)
Press: ? - help, Shift-Dir - straight line, f - orc wizard
Aim: an orc wizard, wielding a dagger of venom and wearing a robe You shoot a sling bullet.
The sling bullet hits the orc wizard.
The orc wizard is lightly wounded.
Firing (i - inventory. (,) - cycle):
e - 15 sling bullets (quivered)
Press: ? - help, Shift-Dir - straight line, f/p - orc wizard
Aim: an orc wizard, wielding a dagger of venom and wearing a robe (lightly wounded)
You shoot a sling bullet.
The sling bullet hits the orc wizard but does no damage.
The orc wizard is lightly wounded.
a - a +2 mace (weapon)
You feel yourself speed up.
You miss the orc wizard.
The orc wizard is lightly wounded.
The orc wizard hits you with a dagger of venom.
You are poisoned.
The orc wizard hits you but does no damage.
You are more poisoned.
You aren't carrying any potions.
Unknown command.
As you read the scroll of teleportation, it crumbles to dust.
You feel strangely unstable.
You feel sick.
The orc wizard hits you with a dagger of venom.
You are more poisoned.
An orc priest comes into view. It is wielding a hand axe.
You feel sick.
The orc wizard gestures at you while chanting.
The magic dart hits you!
You feel sick.
Your surroundings suddenly seem different.
You feel sick.
Found a beef jerky.
Found a stone staircase leading down.
An adder skeleton comes into view.
A worker ant comes into view.
* * * LOW HITPOINT WARNING * * *
You feel sick.
The worker ant twitches its antennae in your direction.
The adder skeleton closely misses you.
Found a staircase to the Ecumenical Temple.
You aren't carrying any potions.
Unknown command.
Are you sure you want to abandon this character and quit the game? (Confirm with "yes".)

#.##. .# .
.. .# .#
..P.... .#
..>P.#. %#
PP.....#.###
.a.........
#.....Z.#
... #@.# ...
#..# ..o
#........
...
#........
...
#........
...
##..#####
... #.# .>
...


You could see a worker ant and an adder skeleton.

Vanquished Creatures
  A hound (D:4)
  A gnoll (D:2)
  An adder (D:3)
  A worm (D:3)
  A dart slug (D:1)
  2 leopard geckos
  An orc (D:4)
  2 bats
  A giant cockroach (D:3)
  6 goblins
  4 hobgoblins
  9 jackals
  4 frilled lizards
  4 kobolds
  5 rats
43 creatures vanquished.

Notes
Turn   | Place    | Note
-------+----------+-------------------------------------------
     0 | D:1      | tidbits the High Elf Wanderer began the quest for the Orb.
     0 | D:1      | tidbits set off with: a +2 mace, a scroll of teleportation, a +0 ring mail, a +0 dagger, a bread ration
     0 | D:1      | Reached XP level 1. HP: 16/16 MP: 2/2
    86 | D:1      | Reached skill level 1 in Dodging
   130 | D:1      | Reached XP level 2. HP: 11/21 MP: 3/3
   370 | D:2      | Reached skill level 2 in Dodging
   370 | D:2      | Reached XP level 3. HP: 21/26 MP: 4/4
   576 | D:2      | Found a shimmering altar of Xom.
   576 | D:2      | Found a sparkling altar of Nemelex Xobeh.
   647 | D:3      | Reached skill level 4 in Fighting
   712 | D:3      | Reached XP level 4. HP: 24/33 MP: 0/5
   800 | D:4      | Reached skill level 3 in Dodging
   809 | D:4      | Found a staircase to the Ecumenical Temple.
   810 | D:4      | Quit the game

Skill      XL: |  1  2  3  4 |
---------------+-------------+-----
Dodging        | 1 2 3 |  3.1
Fighting       | 4 |  4.3
Maces & Flails | |  1.5
Throwing       | |  1.0
Armour         | |  1.0
Stealth        | |  2.1
Unarmed Combat | |  1.0

Action                   |  1- 3 |  4- 6 || total
-------------------------+-------+-------++-------
Melee: Mace              |   133 |     2 ||   135
 Fire: Hunting sling     |     9 |    11 ||    20
  Use: Scroll            |       |     1 ||     1
       Potion            |       |     1 ||     1
Armor: Ring mail         |    66 |     4 ||    70
Dodge: Dodged            |   114 |     6 ||   120

Table legend:
 A = Turns spent in this place as a percentage of turns spent in the entire game.
 B = Non-inter-level travel turns spent in this place as a percentage of non-inter-level travel turns spent in the entire game.
 C = Inter-level travel turns spent in this place as a percentage of turns spent in this place.
 D = Turns resting spent in this place as a percentage of non-inter-level travel turns spent in this place.
 E = Turns spent auto-exploring this place as a percentage of non-inter-level travel turns spent in this place.
 F = Non-inter-level travel turns spent in this place divided by the number of levels of this place that you've seen.
                   A       B       C       D       E      F
               +-------+-------+-------+-------+-------+----------------------
         Total | 100.0 | 100.0 |   0.0 |   0.0 |   0.0 | 198.8
       Dungeon | 100.0 | 100.0 |   0.0 |   0.0 |   0.0 | 198.8
               +-------+-------+-------+-------+-------+----------------------

Table legend:
 A = Kills in this place as a percentage of kills in entire the game.
 B = Kills by you in this place as a percentage of kills by you in the entire game.
 C = Kills by friends in this place as a percentage of kills by friends in the entire game.
 D = Other kills in this place as a percentage of other kills in the entire game.
 E = Experience gained in this place as a percentage of experience gained in the entire game.
 F = Experience gained in this place divided by the number of levels of this place that you have seen.
                   A       B       C       D       E      F
               +-------+-------+-------+-------+-------+----------------------
         Total | 100.0 | 100.0 |  -nan |  -nan | 100.0 |  36.8
       Dungeon | 100.0 | 100.0 |  -nan |  -nan | 100.0 |  36.8
               +-------+-------+-------+-------+-------+----------------------

Vault maps used:
D:1:      eino_arrival_water_star
D:2:      gammafunk_temple_overflow_elements, gammafunk_temple_overflow_statue,
          first_bread
D:3:      ecumenical_altar_1
D:4:      old_standard_altar, minmay_temple_entry_overgrown, uniq_natasha
